 Dungeon Crawl Stone Soup version 0.22-a0-402-ga933591907 (webtiles) character file.

193 RaHiT the Stinger (level 5, -4/42 HPs)
             Began as a Naga Venom Mage on May 6, 2018.
             Slain by ciphuk's ghost (9 damage)
             ... on level 4 of the Dungeon.
             The game lasted 00:20:02 (2028 turns).

RaHiT the Stinger (Naga Venom Mage)                 Turns: 2028, Time: 00:20:02

Health: -4/42      AC:  3    Str: 16    XL:     5   Next: 72%
Magic:  9/9        EV: 15    Int: 16    God:
Gold:   159        SH:  0    Dex: 11    Spells: 4/10 levels left

rFire    . . .     SeeInvis +   h - +0 mace
rCold    . . .     Gourm    .   (no shield)
rNeg     . . .     Faith    .   a - +0 robe
rPois    +         Spirit   .   (no helmet)
rElec    .         Reflect  .   (no cloak)
rCorr    .         Harm     .   v - +0 pair of gloves (curse)
MR       .....                  (no barding)
Stlth    ++........             (no amulet)
HPRegen  0.14/turn              m - +5 ring of evasion
MPRegen  0.11/turn              (no ring)

@: mighty, about to teleport, very slow
A: large, see invisible, deformed body, poison resistance, slowness 2, slow
metabolism 1, spit poison 1, AC +1
a: Spit Poison


You were on level 4 of the Dungeon.
You were not hungry.

You visited 1 branch of the dungeon, and saw 4 of its levels.

You collected 159 gold pieces.

Inventory:

Hand Weapons
 h - a +0 mace (weapon)
 j - a +2 whip of draining
Missiles
 n - 33 poisoned needles
 r - 2 throwing nets (quivered)
Armour
 a - a +0 robe (worn)
 f - a +0 shield
 p - a +1 leather armour of cold resistance
 q - a +2 scale mail of fire resistance
 v - a cursed +0 pair of gloves (worn)
Jewellery
 m - a +5 ring of evasion (left hand)
Wands
 o - a wand of random effects (23)
Scrolls
 d - a scroll of teleportation
 e - 5 scrolls of remove curse
 i - 2 scrolls of enchant armour
 l - a scroll of blinking {unknown}
 t - a scroll of identify
Potions
 g - a potion of cancellation
 k - 2 potions of flight
Comestibles
 c - 5 rations


   Skills:
 - Level 1.5 Dodging
 - Level 3.0 Stealth
 - Level 3.0 Spellcasting
 + Level 3.4 Conjurations
 - Level 6.0 Poison Magic


You had 4 spell levels left.
You knew the following spells:

 Your Spells              Type           Power        Failure   Level  Hunger
a - Sting                 Conj/Pois      ###.         2%          1    #......
b - Poisonous Vapours     Pois/Air       ##....       9%          2    ##.....
c - Mephitic Cloud        Conj/Pois/Air  ##......     16%         3    ###....


Dungeon Overview and Level Annotations

Branches:
Dungeon (4/15)
 Temple: D:4-7

Altars:
Nemelex Xobeh
Ru
Sif Muna

Annotations:
D:3 Grinder, Sigmund
D:4 ciphuk's ghost, amateur FeNe


Innate Abilities, Weirdness & Mutations

You cannot wear boots.
Your serpentine skin is tough. (AC +1)
You have supernaturally acute eyesight. (SInv)
Armour fits poorly on your strangely shaped body.
Your system is resistant to poisons. (rPois)
You cover ground very slowly.
You have a slow metabolism.
You can spit poison.


Message History

All of the chunks of flesh in your inventory have rotted away.
You miss ciphuk's ghost.
Ciphuk's ghost is heavily damaged.
Ciphuk's ghost hits you!
* * * LOW HITPOINT WARNING * * *
Ciphuk's ghost completely misses you.
It was a potion of heal wounds.
You feel much better. Ciphuk's ghost hits you!
You closely miss ciphuk's ghost.
Ciphuk's ghost is heavily damaged.
Ciphuk's ghost hits you!
* * * LOW HITPOINT WARNING * * *
Ciphuk's ghost hits you.
* * * LOW HITPOINT WARNING * * *
Ciphuk's ghost whispers, "Death is liberation."
As you read the scroll of teleportation, it crumbles to dust.
You feel strangely unstable.
Ciphuk's ghost hits you but does no damage.
Ciphuk's ghost flexes its fingers.
Ciphuk's ghost hits you!
You die...

...... ##### #......
###.... #......## #<#....
.......# #.#.... .......#
#.#.... #....# #.##...
###.#########....###.##...
......[.W@................
.#.###.#####....###.#####
#.# #....###.#.... #.#
####...#.#.###
###'########...#.#.###
#........##..........#
#....(...##....##....#
#........##....##....#
#........##.##........


You could see ciphuk's ghost.

Vanquished Creatures
  A centaur skeleton (D:4)
  Terence (D:3)
  5 adders
  3 gnolls (D:3)
  An ooze (D:1)
  A worm (D:3)
  2 dart slugs
  2 leopard geckos
  A ball python (D:2)
  8 giant cockroaches
  3 goblins
  6 hobgoblins
  3 jackals (D:1)
  2 quokkas
  5 bats
  2 frilled lizards (D:1)
  4 kobolds
  7 rats
57 creatures vanquished.

Notes
Turn   | Place    | Note
-------+----------+-------------------------------------------
     0 | D:1      | RaHiT the Naga Venom Mage began the quest for the Orb.
     0 | D:1      | Reached XP level 1. HP: 15/15 MP: 3/3
   207 | D:1      | Reached XP level 2. HP: 22/22 MP: 2/5
   440 | D:1      | Found a sparkling altar of Nemelex Xobeh.
   553 | D:1      | Reached XP level 3. HP: 28/28 MP: 5/7
   800 | D:2      | Found a deep blue altar of Sif Muna.
   917 | D:2      | Learned a level 2 spell: Poisonous Vapours
   921 | D:2      | Learned a level 3 spell: Mephitic Cloud
   990 | D:2      | Reached XP level 4. HP: 36/36 MP: 0/8
  1000 | D:2      | Found a sacrificial altar of Ru.
  1150 | D:3      | Noticed Grinder
  1281 | D:3      | Noticed Sigmund
  1372 | D:3      | Noticed Terence
  1383 | D:3      | Killed Terence
  1483 | D:3      | Reached skill level 5 in Poison Magic
  1519 | D:3      | Reached XP level 5. HP: 35/42 MP: 4/9
  1766 | D:3      | Reached skill level 6 in Poison Magic
  1790 | D:3      | Found a faded altar of an unknown god.
  1903 | D:4      | Noticed ciphuk's ghost (amateur FeNe)
  2021 | D:4      | HP: 2/42 [ciphuk's ghost (11)]
  2028 | D:4      | Slain by ciphuk's ghost

Vault maps used:
D:1:      dpeg_arrival_radiant, minivault_26, nemelex_xobeh_ov_fountains_minmay
D:2:      marbit_many_paths, nrook_loot_triangle, minmay_hexomino_r4
D:3:      kennysheep_the_goblin_king, chequers_ecumenical_altar_lobes,
          item_on_display_a, uniq_grinder, uniq_sigmund, uniq_terence
D:4:      minmay_temple_entry_enclosed_plants, first_ration

Skill      XL: |  1  2  3  4  5 |
---------------+----------------+-----
Spellcasting   | 3 |  3.0
Conjurations   | 2 3 |  3.4
Poison Magic   | 5 6 |  6.0
Dodging        | |  1.5
Stealth        | |  3.0

Action                   |  1- 3 |  4- 6 || total
-------------------------+-------+-------++-------
Melee: Mace              |     4 |    24 ||    28
       Whip              |    20 |    23 ||    43
 Cast: Sting             |    47 |    22 ||    69
       Poisonous Vapours |     2 |    16 ||    18
Evoke: Wand              |       |     3 ||     3
  Use: Scroll            |       |     8 ||     8
       Potion            |       |     3 ||     3
 Stab: Sleeping          |       |     1 ||     1
  Eat: Chunk             |       |     4 ||     4
Armor: Robe              |     2 |    10 ||    12
Dodge: Dodged            |    24 |    48 ||    72

Table legend:
 A = Spawn XP
 B = Non-spawn XP
 C = Spawn XP percentage of total XP
 D = Spawn monster count
 E = Non-spawn monster count
 F = Spawn count percentage of total count
 G = Total turns spent on level
                    A         B        C        D         E        F      G
               +---------+---------+-------+---------+---------+-------+---------
         Total |       0 |     277 |   0.0 |       0 |      57 |   0.0 |  2028
               +---------+---------+-------+---------+---------+-------+---------
           D:1 |       0 |      39 |   0.0 |       0 |      19 |   0.0 |   637
           D:2 |       0 |      56 |   0.0 |       0 |      17 |   0.0 |   481
           D:3 |       0 |     141 |   0.0 |       0 |      19 |   0.0 |   736
           D:4 |       0 |      41 |   0.0 |       0 |       2 |   0.0 |   174
               +---------+---------+-------+---------+---------+-------+---------
